 Seeded DCSS version 0.30.0-3-ga4e48a9924 (webtiles) character file.

Game seed: 1779060243905392848 (custom seed)

161 hikkokomori the Chiller (level 5, -5/39 HPs)
             Began as a Human Ice Elementalist on May 7, 2023.
             Slain by an ice beast (13 damage)
             ... on level 4 of the Dungeon.
             The game lasted 00:04:07 (2426 turns).

hikkokomori the Chiller (Human Ice Elementalist)    Turns: 2426, Time: 00:04:07

Health: -5/39      AC:  9    Str: 11    XL:     5   Next: 70%
Magic:  5/8        EV: 12    Int: 15    God:
Gold:   150        SH:  0    Dex: 13    Spells: 1/8 levels left

rFire   . . .        m - +2 spear (vamp)
rCold   . . .        (no shield)
rNeg    . . .        a - +0 robe
rPois   .            (no helmet)
rElec   .            (no cloak)
rCorr   .            (no gloves)
SInv    +            k - +0 pair of boots
Will    .....        (no amulet)
Stlth   +            h - ring of see invisible
HPRegen 0.26/turn    (no ring)
MPRegen 0.11/turn

%: no passive effects
@: ice-armoured, silenced
A: no striking features
a: no special abilities


You were on level 4 of the Dungeon.
You visited 1 branch of the dungeon, and saw 4 of its levels.

You collected 150 gold pieces.

Inventory:

Hand Weapons
 c - a +0 dagger
 m - a +2 vampiric spear (weapon)
Armour
 a - a +0 robe (worn)
 k - a +0 pair of boots (worn)
Jewellery
 h - a ring of see invisible (left hand)
Scrolls
 d - a scroll of silence
 f - 6 scrolls of identify {unknown}
 g - a scroll of immolation {unknown}
 i - 2 scrolls of teleportation {unknown}
 p - a scroll of fear {unknown}
 r - a scroll of amnesia {unknown}
 s - a scroll of vulnerability {unknown}
 t - a scroll of noise {unknown}
 u - a scroll of torment {unknown}
Potions
 b - a potion of magic
 e - 3 potions of flight {unknown}
 j - a potion of attraction {unknown}
 l - a potion of curing {unknown}
 n - 2 potions of heal wounds {unknown}
 o - 2 potions of cancellation {unknown}
 q - a potion of berserk rage {unknown}


   Skills:
 + Level 2.5 Fighting
 + Level 1.2 Polearms
 - Level 2.0 Dodging
 + Level 3.5 Stealth
 - Level 2.0 Spellcasting
 + Level 4.8 Ice Magic


You had one spell level left.
You knew the following spells:

 Your Spells              Type           Power      Damage    Failure   Level
a - Freeze                Ice            64%        1d7       3%          1
b - Frozen Ramparts       Ice            32%        1d5       9%          3
c - Ozocubu's Armour      Ice            16%        N/A       9%          3

Your spell library contained the following spells:

 Spells                   Type           Power      Damage    Failure   Level
 Shock                    Conj/Air       4%         1d3       22%         1
 Swiftness                Air            1%         N/A       54%         3
 Summon Ice Beast         Ice/Summ       8%         N/A       63%         4
 Airstrike                Air            0%         2d(1-17)  91%         4


Dungeon Overview and Level Annotations

Branches:
Dungeon (4/15)
 Temple: D:4-7

Altars:
Elyvilon

Shops:
D:3 [


Message History

The ice beast hits you. The ice beast freezes you!
You closely miss the ice beast.
The ice beast is lightly wounded.
The ice beast closely misses you.
You barely miss the ice beast.
The ice beast is lightly wounded.
The ice beast hits you. The ice beast freezes you!
* * * LOW HITPOINT WARNING * * *
You are too injured to fight recklessly!
You are too injured to fight recklessly!
You are too injured to fight recklessly!
You are too injured to fight recklessly!
You are too injured to fight recklessly!
You are too injured to fight recklessly!
You are too injured to fight recklessly!
Casting: Freeze (safe; 3% risk of failure)
Confirm with . or Enter, or press ? or * to list all spells.
A film of ice covers your body! The ice beast closely misses you.
As you read the scroll labelled FOTYKHL WAUNE, it crumbles to dust.
A profound silence engulfs you.
It was a scroll of silence.
The ice beast hits you but does no damage.
You hit the ice beast but do no damage.
The ice beast is lightly wounded.
The ice beast hits you but does no damage.
You hit the ice beast but do no damage.
The ice beast hits you but does no damage.
You closely miss the ice beast. The ice beast closely misses you.
The ice beast misses you.
You hit the ice beast.
The ice beast is lightly wounded.
The ice beast hits you but does no damage.
You hit the ice beast but do no damage.
The ice beast is lightly wounded.
The ice beast barely misses you.
You hit the ice beast but do no damage.
The ice beast is lightly wounded.
The ice beast hits you.
* * * LOW HITPOINT WARNING * * *
The ice beast freezes you!
You die...

...... ......
.......######
........#...##
#.#.........##
##............#
##......Y......#
. ........@.....#
...#.#.>....)..##
..........#...##
.##.#>.####### #
##.# #.##.#
#.##.# #.##.###
#.##...####


You could see an ice beast.

Vanquished Creatures
  An orc priest (D:4)
  2 orc wizards (D:4)
  3 adders
  A worm (D:4)
  4 orcs (D:4)
  4 ball pythons
  2 bats (D:2)
  4 endoplasms
  A giant cockroach (D:4)
  7 hobgoblins
  A quokka (D:4)
  4 frilled lizards
  5 goblins
  8 kobolds
  4 rats
51 creatures vanquished.

Notes
Turn   | Place    | Note
-------+----------+-------------------------------------------
     0 | D:1      | hikkokomori the Human Ice Elementalist began the quest for
                  | the Orb.
     0 | D:1      | Reached XP level 1. HP: 13/13 MP: 3/3
   305 | D:1      | Reached XP level 2. HP: 20/20 MP: 3/5
   943 | D:2      | Reached skill level 1 in Fighting
  1243 | D:2      | Reached XP level 3. HP: 26/26 MP: 3/6
  1593 | D:2      | Found a faded altar of an unknown god.
  1882 | D:3      | Found a white marble altar of Elyvilon.
  1923 | D:3      | Found Maeh's Antique Armour Boutique.
  1938 | D:3      | You fall into a shaft and drop 1 floor!
  1978 | D:4      | Reached XP level 4. HP: 30/33 MP: 2/7
  2115 | D:4      | Learned a level 3 spell: Frozen Ramparts
  2119 | D:4      | Learned a level 3 spell: Ozocubu's Armour
  2148 | D:4      | Reached XP level 5. HP: 15/38 MP: 4/8
  2153 | D:4      | Reached skill level 1 in Polearms
  2408 | D:4      | Noticed an ice beast
  2426 | D:4      | Slain by an ice beast

Illustrated notes

Levels and vault maps discovered:
D:1:      minmay_arrival_jagged, layout_loops_ring
D:2:      layout_loops_ring, basic_ecumenical_altar, minmay_pentomino_q2
D:3:      layout_basic, minitemple, serial_shops, shop_statue,
          minmay_randomly_rotated_circles
D:4:      layout_rooms, mainiacjoe_overflow_alcove_1,
          nicolae_tso_swordbearing_angel, serial_shops, shop,
          grunt_decor_one_mirror

Skill      XL: |  1  2  3  4  5 |
---------------+----------------+-----
Fighting       | 1 2 |  2.5
Stealth        | 3 |  3.5
Polearms       | 1 |  1.2
Dodging        | |  2.0
Spellcasting   | |  2.0
Ice Magic      | |  4.8

Action                     |  1- 3 |  4- 6 || total
---------------------------+-------+-------++-------
  Melee: Dagger            |     5 |       ||     5
         Spear             |    31 |    39 ||    70
         Punch             |     1 |     1 ||     2
   Cast: Freeze            |    34 |    15 ||    49
         Frozen Ramparts   |       |     2 ||     2
         Ozocubu's Armour  |       |     1 ||     1
    Use: Scroll            |       |     1 ||     1
   Stab: Sleeping          |     3 |     1 ||     4
         Distracted        |     1 |       ||     1
 Armour: Robe              |     9 |    11 ||    20
  Dodge: Dodged            |    27 |    22 ||    49
